[Event "Wednesday Apr 18 Engine Tour 9 rd Swiss 12m+1s Starts at 1600hrs ST"]
[Site "Infinity Chess"]
[Date "2018.4.18"]
[Round "3"]
[White "ocirema"]
[Black "CrapCleaner"]
[Result "1/2-1/2"]
[ECO "C53"]
[WhiteElo "2441"]
[BlackElo "2491"]
[WhiteEngine "asmFishW_2018-04-11_popcnt_CTG"]
[BlackEngine "Raubfisch X38b_CTG"]
[EventType "Swiss"]
[WhiteTeam ""]
[BlackTeam ""]
[PlyCount "241"]
[TimeControl "720+1"]

1. e4 e5 2. Nf3 Nc6 3. Bc4 Bc5 4. c3 Nf6 5. d3 d6 6. O-O O-O 7. h3 a5 
8. Nbd2 Be6 9. Bb5 h6 10. Re1 Qb8 11. Nf1 Qa7 12. Be3 Bxe3 13. Nxe3 Ne7 
14. Bc4 Bxc4 15. Nxc4 b5 16. Ne3 Qb7 17. Nh4 a4 18. Qf3 Kh7 19. Rad1 Rae8 
20. Nhf5 Nxf5 21. Qxf5+ Kh8 22. Qf3 Re6 23. Rb1 c6 24. b3 axb3 25. Rxb3 Qa7 
26. Qe2 Ra8 27. Ra1 Nd7 28. Rb2 Nc5 29. Qc2 Qa4 30. Qd2 Kh7 31. Rd1 Ree8 
32. f3 Qa7 33. d4 Na4 34. Rc2 Red8 35. Kh2 Qc7 36. Qd3 Rab8 37. Rf2 Kh8 
38. Kg1 f6 39. Rfd2 Ra8 40. Kh1 Qa5 41. Rc2 Kh7 42. Nf5 Qc7 43. g4 Nb6 
44. h4 Nc4 45. Rg1 g6 46. Ng3 Kh8 47. h5 g5 48. d5 c5 49. Nf5 Kh7 50. Kh2 Ra5 
51. Qf1 Nb6 52. Rb2 c4 53. Qb1 Qd7 54. Rd2 Na4 55. Qb4 Ra6 56. Ra1 Rda8 
57. a3 Nc5 58. Rda2 Nd3 59. Qb1 Qc7 60. Kh3 Qb6 61. Kg2 Ra4 62. Qg1 Qc7 
63. Qb1 Qb6 64. Qg1 Qb8 65. Qb1 R8a7 66. Kg3 R7a5 67. Kg2 Qb6 68. Qg1 Qc7 
69. Ne3 Qa7 70. Nc2 Qb8 71. Qb1 Qa7 72. Qg1 Qb8 73. Qe3 Ra8 74. Qg1 Qb7 
75. Kh3 Kg7 76. Ne3 Kh7 77. Nc2 R8a7 78. Kg2 R4a5 79. Qe3 Ra4 80. Kg3 Nc5 
81. Kg2 Ra8 82. Kg3 Nb3 83. Rb1 Kg8 84. Rab2 R4a5 85. Qe2 Qb6 86. Qe3 Qb7 
87. Ra2 Nc5 88. Kh3 Kh7 89. Kg3 Qg7 90. Raa1 Qb7 91. Ra2 Qd7 92. Raa1 Nb3 
93. Ra2 Qc7 94. Kh2 Kg8 95. Kg3 Kg7 96. Kg2 Nc5 97. Raa1 Qa7 98. Rh1 Nb3 
99. Qxa7+ R5xa7 100. Rab1 Kf7 101. Rb2 Ra4 102. Rhb1 Kg8 103. Kf2 Kh7 
104. Kg3 R8a7 105. Na1 Nxa1 106. Rxa1 Rxa3 107. Rxa3 Rxa3 108. Rxb5 Rxc3 
109. Rb6 Rc1 110. Rxd6 c3 111. Rd7+ Kg8 112. Rc7 c2 113. Kg2 Kf8 114. Rc8+ Ke7 
115. Rc7+ Kd6 116. Rc6+ Ke7 117. Rc5 Kf7 118. Rc8 Ke7 119. Rc7+ Kd6 
120. Rc6+ Ke7 121. Rc7+ 1/2-1/2

[Event "Wednesday Apr 18 Engine Tour 9 rd Swiss 12m+1s Starts at 1600hrs ST"]
[Site "Infinity Chess"]
[Date "2018.4.18"]
[Round "3"]
[White "Seliga"]
[Black "hafaba"]
[Result "1/2-1/2"]
[ECO "A46"]
[WhiteElo "2479"]
[BlackElo "2454"]
[WhiteEngine "SF9 ''A6''_CTG"]
[BlackEngine "Eman 1.70-beta21 64-bit POPCNT_CTG"]
[EventType "Swiss"]
[WhiteTeam ""]
[BlackTeam ""]
[PlyCount "99"]
[TimeControl "720+1"]

1. d4 Nf6 2. Nf3 d5 3. c4 e6 4. Nc3 c6 5. e3 Nbd7 6. Qc2 Bd6 7. b3 O-O 8. Bd3 e5 
9. cxd5 cxd5 10. dxe5 Nxe5 11. Nxe5 Bxe5 12. Bb2 Ng4 13. Nb5 Bd7 14. Bxe5 Nxe5 
15. O-O Rc8 16. Qd2 Bxb5 17. Bxb5 Qb6 18. Be2 Rfd8 19. Rac1 Nc6 20. Rfd1 d4 
21. exd4 Nxd4 22. Rxc8 Nxe2+ 23. Qxe2 Rxc8 24. h4 Qc6 25. Qg4 h6 26. Qd7 a6 
27. a4 Rc7 28. Qf5 Qe8 29. Rd4 Rc3 30. b4 Rc6 31. g4 Rf6 32. Qc2 g6 33. h5 Qe5 
34. Re4 Qa1+ 35. Kg2 Qa3 36. Qd1 gxh5 37. gxh5 Rf5 38. f4 Kh7 39. Qc2 Kg7 
40. Qd1 Qb2+ 41. Kg3 Qc3+ 42. Kh4 Kh7 43. Qd7 Rxh5+ 44. Kxh5 Qf3+ 45. Kh4 Qf2+ 
46. Kh3 Qf3+ 47. Kh4 Qf2+ 48. Kh3 Qf1+ 49. Kh2 Qf2+ 50. Kh3 1/2-1/2

[Event "Wednesday Apr 18 Engine Tour 9 rd Swiss 12m+1s Starts at 1600hrs ST"]
[Site "Infinity Chess"]
[Date "2018.4.18"]
[Round "3"]
[White "Deep_Impact"]
[Black "ivrdurant"]
[Result "1/2-1/2"]
[ECO "C55"]
[WhiteElo "2394"]
[BlackElo "2366"]
[WhiteEngine "BrainFish_180411_x64_bmi2"]
[BlackEngine "Raubfisch X38b"]
[EventType "Swiss"]
[WhiteTeam ""]
[BlackTeam ""]
[PlyCount "92"]
[TimeControl "720+1"]

1. e4 e5 2. Nf3 Nc6 3. Bc4 Nf6 4. d3 Bc5 5. c3 d6 6. O-O a5 7. Bg5 Ba7 
8. Nbd2 Bd7 9. Bh4 h6 10. a4 Qe7 11. Bg3 Nh5 12. Kh1 O-O 13. h3 Nxg3+ 
14. fxg3 Be3 15. Kh2 Bxd2 16. Nxd2 Nd8 17. Bd5 c6 18. Bb3 Be6 19. Bxe6 Nxe6 
20. Nc4 Qc7 21. Ne3 Rae8 22. Qh5 f6 23. Nf5 Kh8 24. Rf2 Rd8 25. d4 exd4 
26. cxd4 Ng5 27. Re1 Qf7 28. Qd1 Rfe8 29. Rf4 Qg6 30. g4 d5 31. exd5 cxd5 
32. Qd2 b6 33. Qc1 Qf7 34. Rxe8+ Qxe8 35. h4 Ne4 36. Qc7 Rd7 37. Qxb6 Qc8 
38. Rf1 Rb7 39. Qxa5 Rxb2 40. Qa7 Rb7 41. Rc1 Qxc1 42. Qxb7 Qf4+ 43. Kg1 Qf2+ 
44. Kh2 Qf4+ 45. Kg1 Qf2+ 46. Kh2 Qf4+ 1/2-1/2

[Event "Wednesday Apr 18 Engine Tour 9 rd Swiss 12m+1s Starts at 1600hrs ST"]
[Site "Infinity Chess"]
[Date "2018.4.18"]
[Round "3"]
[White "angriff"]
[Black "Thinker"]
[Result "1/2-1/2"]
[ECO "C50"]
[WhiteElo "2379"]
[BlackElo "2451"]
[WhiteEngine "DracoREX 3.07 64BIT POPCNT_CTG"]
[BlackEngine "BrainFish_180411_x64_modern_CTG"]
[EventType "Swiss"]
[WhiteTeam ""]
[BlackTeam ""]
[PlyCount "36"]
[TimeControl "720+1"]

1. e4 e5 2. Nf3 Nc6 3. Bc4 Bc5 4. O-O Nf6 5. d3 d6 6. c3 O-O 7. Bg5 h6 8. Bh4 a6 
9. a4 g5 10. Bg3 Ba7 11. b4 g4 12. Bh4 Kg7 13. Na3 gxf3 14. Qxf3 Be6 
15. Qg3+ Kh7 16. Qf3 Kg7 17. Qg3+ Kh7 18. Qf3 Kg7 1/2-1/2

[Event "Wednesday Apr 18 Engine Tour 9 rd Swiss 12m+1s Starts at 1600hrs ST"]
[Site "Infinity Chess"]
[Date "2018.4.18"]
[Round "3"]
[White "MarioDeMonti"]
[Black "Time_bandit"]
[Result "1/2-1/2"]
[ECO "C55"]
[WhiteElo "2428"]
[BlackElo "2461"]
[WhiteEngine "stockfish_x64_bmi2_2018_02_18_CTG"]
[BlackEngine "asmFishW_2018-04-11_bmi2"]
[EventType "Swiss"]
[WhiteTeam ""]
[BlackTeam ""]
[PlyCount "85"]
[TimeControl "720+1"]

1. e4 e5 2. Nf3 Nc6 3. Bc4 Nf6 4. d3 Bc5 5. c3 d6 6. O-O a5 7. Re1 O-O 8. h3 h6 
9. Nbd2 Be6 10. Bb5 Qb8 11. Nf1 Qa7 12. Ne3 a4 13. Re2 Rfd8 14. Nf5 Bxf5 
15. exf5 Bb6 16. Bxc6 bxc6 17. Nh2 Kh7 18. Rd2 Qa5 19. Ng4 Ng8 20. Rc2 Re8 
21. Qe2 Qb5 22. Be3 c5 23. Rd1 Qd7 24. Qf3 Rac8 25. Nh2 c6 26. c4 Nf6 27. h4 d5 
28. Ng4 Ng8 29. Bd2 Qd6 30. Re1 Rb8 31. g3 Bc7 32. cxd5 cxd5 33. f6 h5 
34. Rxe5 Rxe5 35. Nxe5 Qxe5 36. fxg7 Rxb2 37. Rxb2 Qxb2 38. Qxh5+ Kxg7 
39. Qg4+ Kf8 40. Qc8+ Kg7 41. Qg4+ Kh7 42. Qh5+ Kg7 43. Qg4+ 1/2-1/2

[Event "Wednesday Apr 18 Engine Tour 9 rd Swiss 12m+1s Starts at 1600hrs ST"]
[Site "Infinity Chess"]
[Date "2018.4.18"]
[Round "3"]
[White "Marsell"]
[Black "star99"]
[Result "1/2-1/2"]
[ECO "C42"]
[WhiteElo "2476"]
[BlackElo "2442"]
[WhiteEngine "BrainFish_180408_x64_bmi2"]
[BlackEngine "Cryptic Heroes 9.4B"]
[EventType "Swiss"]
[WhiteTeam ""]
[BlackTeam ""]
[PlyCount "169"]
[TimeControl "720+1"]

1. e4 e5 2. Nf3 Nf6 3. Nxe5 d6 4. Nf3 Nxe4 5. d4 d5 6. Bd3 Nc6 7. O-O Be7 
8. c4 Nf6 9. Nc3 dxc4 10. Bxc4 O-O 11. h3 h6 12. Bf4 Bd6 13. Ne5 Be6 
14. Bxe6 fxe6 15. Nxc6 bxc6 16. Bd2 Qd7 17. Rc1 c5 18. Be3 cxd4 19. Qxd4 a5 
20. b3 Rab8 21. Qc4 Qe8 22. Bd2 Rb4 23. Qe2 Rd4 24. Rfd1 Rb4 25. Re1 Rd4 
26. Be3 Rb4 27. Rcd1 Qf7 28. Qc2 Rh4 29. Rd4 Rxd4 30. Bxd4 Nd5 31. Nb5 Be7 
32. Re2 Nf4 33. Re3 Bd6 34. Rf3 e5 35. Nxd6 cxd6 36. Be3 Qd5 37. Bxf4 Rxf4 
38. Rd3 Qe4 39. Qd2 a4 40. Rxd6 Qb1+ 41. Kh2 axb3 42. Rd8+ Kh7 43. Qd5 bxa2 
44. Qg8+ Kg6 45. Rd6+ Rf6 46. Rd7 Kf5 47. Qxg7 Qb4 48. Ra7 Qf4+ 49. Qg3 h5 
50. h4 Qxg3+ 51. Kxg3 Rb6 52. Rxa2 Rb3+ 53. Kh2 Rb5 54. Ra6 e4 55. Rh6 Rb2 
56. Kg3 Rb3+ 57. f3 exf3 58. gxf3 Rb7 59. Rxh5+ Kg6 60. Rg5+ Kh6 61. Rg8 Rb1 
62. Rg4 Rg1+ 63. Kf2 Rh1 64. Rb4 Ra1 65. Rb8 Kg6 66. Kg2 Rc1 67. Rg8+ Kh5 
68. Rh8+ Kg6 69. Rg8+ Kh6 70. Re8 Kg6 71. Re6+ Kh5 72. Re4 Rd1 73. Kh2 Kh6 
74. Re6+ Kh5 75. Re4 Ra1 76. Rb4 Kh6 77. Rb5 Ra3 78. Kg2 Kg6 79. Rb4 Ra8 
80. Kg3 Ra1 81. Rb6+ Kh5 82. Rb8 Rh1 83. Rf8 Rg1+ 84. Kh3 Rb1 85. Rf5+ 1/2-1/2

[Event "Wednesday Apr 18 Engine Tour 9 rd Swiss 12m+1s Starts at 1600hrs ST"]
[Site "Infinity Chess"]
[Date "2018.4.18"]
[Round "3"]
[White "ludimilojko"]
[Black "SkyPilot"]
[Result "0-1"]
[ECO "C55"]
[WhiteElo "2322"]
[BlackElo "2481"]
[WhiteEngine "corchess_x64_CTG"]
[BlackEngine "stockfish_x64_bmi2_2018_04_07_CTG"]
[EventType "Swiss"]
[WhiteTeam ""]
[BlackTeam ""]
[PlyCount "164"]
[TimeControl "720+1"]

1. e4 e5 2. Nf3 Nc6 3. Bc4 Nf6 4. d3 Bc5 5. c3 d6 6. O-O O-O 7. Bg5 h6 8. Bh4 g5 
9. Bg3 a5 10. Nbd2 Ba7 11. Bb3 Nh7 12. Kh1 Qf6 13. Nc4 Qg7 14. Ne3 Nf6 
15. a4 Kh8 16. Nd2 Ng8 17. Qe2 Nge7 18. Rad1 Rb8 19. Rde1 Bd7 20. Bc4 Nd8 
21. Nf3 Ne6 22. Qd1 Rbe8 23. d4 exd4 24. Bxe6 fxe6 25. Nxd4 e5 26. Nb5 Bb8 
27. f3 Be6 28. Re2 Rf7 29. c4 Ref8 30. Be1 Nc8 31. Ref2 c6 32. Na3 Ba7 
33. Nac2 Qg6 34. Qe2 Nb6 35. b3 Nd7 36. Qd2 Bc5 37. Qxa5 Nf6 38. b4 b6 
39. Qa6 Bc8 40. Qa8 Bb7 41. Qa7 Ba8 42. Qa6 Bb7 43. Qa7 Ra8 44. Qxa8+ Bxa8 
45. bxc5 bxc5 46. Bc3 Bb7 47. h3 Bc8 48. Rd2 Ne8 49. Rb1 Kh7 50. Rb8 Qe6 
51. Rd1 Rb7 52. Rxb7+ Bxb7 53. a5 Qf7 54. Rb1 Bc8 55. Rb6 Qc7 56. g4 Ng7 
57. Nf5 Nxf5 58. gxf5 d5 59. Kg1 Qf7 60. Bxe5 dxe4 61. Ne3 exf3 62. Rxc6 Bxf5 
63. Rc7 Bd7 64. Ng4 f2+ 65. Nxf2 Kg6 66. a6 Qe6 67. Nd3 Bc6 68. a7 Ba8 
69. Kf1 Qxc4 70. Rd7 Bd5 71. Kg1 Qxd3 72. a8=Q Qe3+ 73. Kf1 Bxa8 74. Ra7 Be4 
75. Ra6+ Kh5 76. Ra4 Bf5 77. Kg2 Bxh3+ 78. Kh2 g4 79. Ra2 Qxe5+ 80. Kg1 g3 
81. Re2 Qxe2 82. Kh1 Qd1# 0-1

[Event "Wednesday Apr 18 Engine Tour 9 rd Swiss 12m+1s Starts at 1600hrs ST"]
[Site "Infinity Chess"]
[Date "2018.4.18"]
[Round "3"]
[White "KRAKEN"]
[Black "Mr Aj"]
[Result "0-1 "]
[ECO "D31"]
[WhiteElo "2534"]
[BlackElo "2457"]
[WhiteEngine "Raubfisch X38b_CTG"]
[BlackEngine "Houdini 6"]
[EventType "Swiss"]
[WhiteTeam ""]
[BlackTeam ""]
[PlyCount "180"]
[TimeControl "720+1"]

1. d4 d5 2. c4 e6 3. Nc3 c6 4. e3 Nf6 5. Nf3 Nbd7 6. Bd3 dxc4 7. Bxc4 b5 
8. Be2 Bb7 9. O-O Be7 10. a3 a5 11. b3 b4 12. axb4 axb4 13. Na4 O-O 14. Bb2 c5 
15. Nd2 cxd4 16. Bxd4 Qb8 17. Nc4 Rd8 18. Qc2 Rc8 19. Qb1 e5 20. Bb2 Be4 
21. Qd1 Bc6 22. f3 Bd5 23. Qd2 Rd8 24. Qc2 Be6 25. Kh1 h5 26. Bd3 Rc8 27. Qd2 h4 
28. e4 Nh5 29. Rfd1 Nf4 30. Bf1 Ng6 31. Qe3 Rc7 32. Rac1 Rc6 33. Qf2 Bf8 
34. Qe3 Qd8 35. Rc2 Qf6 36. Rb1 Rcc8 37. Rbc1 Nf4 38. Rb1 Qg5 39. Qd2 Rc6 
40. Qc1 Rxc4 41. Rxc4 Nf6 42. Rc5 Bd6 43. Qxf4 Qxf4 44. Bc1 Nxe4 45. Bxf4 Nxc5 
46. Bxe5 Bf8 47. Nxc5 Bxc5 48. Rc1 Bf8 49. Bc4 Bxc4 50. Rxc4 Ra3 51. Rxh4 Rxb3 
52. Kg1 Rb1+ 53. Kf2 b3 54. Ra4 f6 55. Bc3 Rc1 56. Bd4 Rc2+ 57. Kg3 Bd6+ 
58. Kh3 b2 59. Bxb2 Rxb2 60. f4 Kh7 61. Rd4 Bc5 62. Rd3 Bg1 63. Ra3 Kg6 
64. Rg3+ Kf5 65. Rxg7 Rb3+ 66. Rg3 Rb8 67. Rg7 Kxf4 68. Rg4+ Kf5 69. Ra4 Rb3+ 
70. g3 Rb2 71. Rf4+ Kg6 72. Rg4+ Kf7 73. Rc4 Rxh2+ 74. Kg4 Kg6 75. Rc8 Bd4 
76. Rg8+ Kf7 77. Ra8 Be5 78. Rd8 Rg2 79. Kf5 Bxg3 80. Rd7+ Ke8 81. Rg7 Kf8 
82. Rg4 Rf2+ 83. Ke6 Bh2 84. Ra4 f5 85. Kf6 Ke8 86. Ke6 Kd8 87. Rc4 f4 
88. Rc3 Bg3 89. Kf5 Rf1 90. Kg4 Be1 0-1

[Event "Wednesday Apr 18 Engine Tour 9 rd Swiss 12m+1s Starts at 1600hrs ST"]
[Site "Infinity Chess"]
[Date "2018.4.18"]
[Round "2"]
[White "hafaba"]
[Black "ocirema"]
[Result "1/2-1/2"]
[ECO "C50"]
[WhiteElo "2455"]
[BlackElo "2440"]
[WhiteEngine "Eman 1.70-beta21 64-bit POPCNT_CTG"]
[BlackEngine "asmFishW_2018-04-11_popcnt_CTG"]
[EventType "Swiss"]
[WhiteTeam ""]
[BlackTeam ""]
[PlyCount "151"]
[TimeControl "720+1"]

1. e4 e5 2. Nf3 Nc6 3. Bc4 Bc5 4. O-O Nf6 5. d3 d6 6. c3 O-O 7. Bg5 h6 8. Bh4 a5 
9. a4 Be6 10. Nbd2 Qe7 11. Re1 g5 12. Bg3 Ne8 13. Bxe6 fxe6 14. Nc4 Qf7 
15. Qb3 Rb8 16. Rf1 Nf6 17. Qb5 Qe7 18. Rad1 Nh5 19. d4 exd4 20. Nxd4 Qe8 
21. Qb3 Nf4 22. Kh1 Bxd4 23. cxd4 Ne2 24. Qe3 Nxg3+ 25. hxg3 Rd8 26. Kg1 d5 
27. exd5 exd5 28. Ne5 Nxe5 29. dxe5 Qxa4 30. e6 Rd6 31. Rfe1 Re8 32. Qf3 Rexe6 
33. Rxe6 Rxe6 34. Qxd5 Kh8 35. b3 Qe8 36. Qxa5 Re7 37. f3 Kh7 38. Kh2 Qh5+ 
39. Kg1 Qe8 40. Qc5 Kg7 41. Qd4+ Kh7 42. Qd3+ Kg7 43. Qc3+ Kh7 44. Rd2 Re1+ 
45. Kf2 Re7 46. Kg1 Re1+ 47. Kf2 Re7 48. b4 Kg6 49. Qc2+ Kg7 50. Qc3+ Kg6 
51. Qd3+ Kg7 52. Qd4+ Kg6 53. Qd3+ Kg7 54. Qd4+ Kg6 55. Qc5 Kf6 56. g4 Qf7 
57. Qc3+ Kg6 58. g3 Qe6 59. Kg2 h5 60. Qd3+ Kh6 61. gxh5 Kxh5 62. Qd4 Qe1 
63. Qb2 g4 64. Rd5+ Kg6 65. Qc2+ Kh6 66. Qd2+ Qxd2+ 67. Rxd2 gxf3+ 68. Kxf3 Re1 
69. g4 Kg6 70. Rd7 Rc1 71. Kg2 Kg5 72. b5 Kxg4 73. b6 cxb6 74. Kf2 b5 
75. Rxb7 Rc3 76. Rxb5 1/2-1/2

[Event "Wednesday Apr 18 Engine Tour 9 rd Swiss 12m+1s Starts at 1600hrs ST"]
[Site "Infinity Chess"]
[Date "2018.4.18"]
[Round "2"]
[White "ivrdurant"]
[Black "Seliga"]
[Result "1/2-1/2"]
[ECO "C50"]
[WhiteElo "2361"]
[BlackElo "2484"]
[WhiteEngine "Raubfisch X38b"]
[BlackEngine "SF9 ''A6''_CTG"]
[EventType "Swiss"]
[WhiteTeam ""]
[BlackTeam ""]
[PlyCount "277"]
[TimeControl "720+1"]

1. e4 e5 2. Nf3 Nc6 3. Bc4 Bc5 4. O-O Nf6 5. d3 a5 6. Nc3 d6 7. h3 Nd4 8. Be3 c6 
9. a4 Nxf3+ 10. Qxf3 Qb6 11. Bh6 O-O 12. Bg5 Qd8 13. g4 Be6 14. Kg2 Rb8 
15. Bxf6 gxf6 16. Ba2 Kh8 17. Qg3 Bd4 18. Qf3 Rg8 19. Rfb1 d5 20. Ne2 Bb6 
21. Ng3 Rg6 22. Re1 Qd6 23. Bb3 Rbg8 24. Kh2 Rh6 25. Kg2 Rgg6 26. Rh1 Rh4 
27. Nf5 Bxf5 28. exf5 Rg8 29. c3 Qf8 30. Rae1 Rh5 31. Kf1 Rhg5 32. Ke2 Qd6 
33. Rd1 Bc5 34. Rd2 Rb8 35. Kd1 Rgg8 36. Rg1 Qd8 37. Qg3 b5 38. Ke2 e4 
39. dxe4 Re8 40. Ra1 Bd6 41. Qf3 Qc7 42. Bc2 Bf4 43. Rd4 b4 44. Kf1 b3 
45. Bd1 Be5 46. Rd3 dxe4 47. Qxe4 Bxc3 48. Qf3 Re1+ 49. Kg2 Be5 50. Rc1 c5 
51. Rc4 Bh2 52. h4 Rg1+ 53. Kh3 Be5 54. Bxb3 Bxb2 55. Rd1 Rxd1 56. Bxd1 Bd4 
57. Rc2 h6 58. Be2 Rb4 59. g5 hxg5 60. hxg5 Kg7 61. Qg4 Qc6 62. f3 fxg5 
63. Qxg5+ Kf8 64. Kg2 Qd6 65. f6 Qxf6 66. Qxf6 Bxf6 67. Rxc5 Rxa4 68. Bc4 Bb2 
69. Bb3 Ra3 70. Rb5 f6 71. Rb7 Bd4 72. Bc4 Ra1 73. Rd7 Bc3 74. f4 Ra4 
75. Rc7 Rb4 76. Bd5 Bd4 77. Rd7 a4 78. Kg3 a3 79. Kf3 Bb2 80. Ra7 Rd4 
81. Ba2 Ke8 82. Bf7+ Kd8 83. Be6 Rd3+ 84. Ke4 Rd2 85. f5 Rd1 86. Kf3 Re1 
87. Rd7+ Ke8 88. Ra7 Kd8 89. Kg4 Rc1 90. Kf3 Rc7 91. Rxc7 Kxc7 92. Bb3 Kd7 
93. Ke4 Kc7 94. Kd3 Kd8 95. Kc4 Be5 96. Kb4 Bd6+ 97. Kc3 Be5+ 98. Kc2 Ke7 
99. Ba2 Kd8 100. Kb3 Bd6 101. Bb1 Ke8 102. Ba2 Kf8 103. Bb1 Kf7 104. Ba2 Kg7 
105. Bb1 Bc5 106. Ba2 Bd6 107. Bb1 Kf8 108. Ba2 Be7 109. Bb1 Ke8 110. Ba2 Kf8 
111. Bb1 Bc5 112. Ba2 Kf7 113. Bb1 Bd6 114. Ba2 Kf8 115. Bb1 Ke8 116. Be4 Kf7 
117. Bb1 Ke7 118. Ba2 Ke8 119. Bb1 Kd7 120. Ba2 Ke7 121. Bb1 Kd7 122. Ba2 Bc5 
123. Bb1 Bf8 124. Ba2 Ke8 125. Bb1 Kd7 126. Ba2 Bc5 127. Bb1 Ke8 128. Be4 Be7 
129. Bb1 Bc5 130. Bc2 Bb4 131. Bb1 Bf8 132. Ba2 Kd7 133. Bb1 Ke8 134. Ba2 Bc5 
135. Bb1 Kd7 136. Bc2 Bb4 137. Bb1 Be1 138. Bc2 Kd6 139. Kxa3 1/2-1/2

[Event "Wednesday Apr 18 Engine Tour 9 rd Swiss 12m+1s Starts at 1600hrs ST"]
[Site "Infinity Chess"]
[Date "2018.4.18"]
[Round "2"]
[White "MarioDeMonti"]
[Black "Deep_Impact"]
[Result "1/2-1/2"]
[ECO "C53"]
[WhiteElo "2430"]
[BlackElo "2392"]
[WhiteEngine "stockfish_x64_bmi2_2018_02_18_CTG"]
[BlackEngine "BrainFish_180411_x64_bmi2"]
[EventType "Swiss"]
[WhiteTeam ""]
[BlackTeam ""]
[PlyCount "156"]
[TimeControl "720+1"]

1. e4 e5 2. Nf3 Nc6 3. Bc4 Bc5 4. c3 Nf6 5. d3 d6 6. O-O a5 7. Re1 Ba7 
8. Nbd2 O-O 9. Nf1 Be6 10. Bb5 Ne7 11. d4 exd4 12. Nxd4 Ng6 13. Ba4 h6 
14. Be3 Bc8 15. Bc2 Ng4 16. Nb5 Bb8 17. Bd2 Qh4 18. f3 c6 19. Nd4 Nf6 20. Be3 a4 
21. Nf5 Bxf5 22. exf5 Ne5 23. Bf2 Qc4 24. Nd2 Qb5 25. Ne4 Ned7 26. Nxf6+ Nxf6 
27. b4 Qc4 28. Qd3 d5 29. Qd2 Bf4 30. Qd4 Bd6 31. Bd3 Qxd4 32. Bxd4 Nd7 
33. Rad1 b5 34. Kf2 Rfe8 35. Rxe8+ Rxe8 36. g3 Be5 37. Rc1 Nf6 38. Rc2 Kh8 
39. Ba7 Nd7 40. f4 Bf6 41. Be3 Kg8 42. Kf3 Kf8 43. g4 Bd8 44. Re2 h5 45. h3 Bb6 
46. f6 hxg4+ 47. hxg4 Bxe3 48. fxg7+ Kxg7 49. Rxe3 Rh8 50. Bf5 Nb6 51. g5 d4 
52. cxd4 Nd5 53. Re5 Rh2 54. Bd7 Rxa2 55. Bxc6 Nxb4 56. Be4 a3 57. Rxb5 Rb2 
58. Ra5 a2 59. f5 f6 60. g6 Rd2 61. Ra7+ Kf8 62. d5 Kg8 63. d6 Rxd6 64. Ke3 Rd7 
65. Ra8+ Kg7 66. Kf3 Rd6 67. Ra7+ Kg8 68. Ra3 Rd4 69. Ra4 Kg7 70. Ra7+ Kh6 
71. Rh7+ Kg5 72. g7 Rd8 73. Rh1 Rg8 74. Ke3 Rxg7 75. Rg1+ Kh6 76. Rh1+ Kg5 
77. Rg1+ Kh6 78. Rh1+ Kg5 1/2-1/2

[Event "Wednesday Apr 18 Engine Tour 9 rd Swiss 12m+1s Starts at 1600hrs ST"]
[Site "Infinity Chess"]
[Date "2018.4.18"]
[Round "2"]
[White "Time_bandit"]
[Black "Thinker"]
[Result "1/2-1/2"]
[ECO "C77"]
[WhiteElo "2461"]
[BlackElo "2451"]
[WhiteEngine "asmFishW_2018-04-11_bmi2"]
[BlackEngine "BrainFish_180411_x64_modern_CTG"]
[EventType "Swiss"]
[WhiteTeam ""]
[BlackTeam ""]
[PlyCount "91"]
[TimeControl "720+1"]

1. e4 e5 2. Nf3 Nc6 3. Bb5 a6 4. Ba4 Nf6 5. O-O Be7 6. Re1 b5 7. Bb3 O-O 
8. c3 d5 9. exd5 Nxd5 10. Nxe5 Nxe5 11. Rxe5 c6 12. d4 Bd6 13. Re1 Qh4 
14. g3 Qh3 15. Be3 Bg4 16. Qd3 Rae8 17. Nd2 Re6 18. a4 Qh5 19. axb5 axb5 
20. Nf1 Bf5 21. Qd2 Bh3 22. Bd1 Qg6 23. Bf3 Qf5 24. Qd1 h5 25. Ra6 Bc7 
26. Bh1 Rfe8 27. Qf3 Qg6 28. Rxc6 Rxc6 29. Qxd5 Rb6 30. Bf3 h4 31. Bh5 Qe6 
32. Bf3 Qg6 33. Bh5 Qe6 34. Qxe6 Bxe6 35. Bf3 Ra6 36. gxh4 Bc4 37. Rb1 Ra2 
38. b3 Bd3 39. Rc1 Ra3 40. c4 b4 41. Nd2 Ra2 42. Rd1 Bc2 43. Rc1 Bd3 44. Rd1 Bc2 
45. Rf1 Bd3 46. Rd1 1/2-1/2

[Event "Wednesday Apr 18 Engine Tour 9 rd Swiss 12m+1s Starts at 1600hrs ST"]
[Site "Infinity Chess"]
[Date "2018.4.18"]
[Round "2"]
[White "ludimilojko"]
[Black "Marsell"]
[Result "1/2-1/2"]
[ECO "D15"]
[WhiteElo "2315"]
[BlackElo "2483"]
[WhiteEngine "corchess_x64_CTG"]
[BlackEngine "BrainFish_180408_x64_bmi2"]
[EventType "Swiss"]
[WhiteTeam ""]
[BlackTeam ""]
[PlyCount "59"]
[TimeControl "720+1"]

1. d4 d5 2. c4 c6 3. Nf3 Nf6 4. Nc3 e6 5. Bg5 h6 6. Bxf6 Qxf6 7. e3 Nd7 
8. Be2 g6 9. O-O Bg7 10. e4 dxe4 11. Nxe4 Qf4 12. Qc2 f5 13. Ned2 c5 14. g3 Qc7 
15. Nh4 Bxd4 16. Nxg6 Rg8 17. Nh4 Nf6 18. Ndf3 Rxg3+ 19. hxg3 Qxg3+ 20. Ng2 Ng4 
21. Qd2 Bxf2+ 22. Rxf2 Qxf2+ 23. Kh1 Bd7 24. Rf1 Qg3 25. Qe1 Qxe1 26. Nfxe1 Ne5 
27. Nf3 Ng4 28. Nfe1 Ne5 29. Nf3 Ng4 30. Nfe1 1/2-1/2

[Event "Wednesday Apr 18 Engine Tour 9 rd Swiss 12m+1s Starts at 1600hrs ST"]
[Site "Infinity Chess"]
[Date "2018.4.18"]
[Round "2"]
[White "star99"]
[Black "Mr Aj"]
[Result "1/2-1/2 "]
[ECO "D31"]
[WhiteElo "2441"]
[BlackElo "2458"]
[WhiteEngine "Cryptic Heroes 9.4B"]
[BlackEngine "Houdini 6"]
[EventType "Swiss"]
[WhiteTeam ""]
[BlackTeam ""]
[PlyCount "162"]
[TimeControl "720+1"]

1. d4 d5 2. c4 e6 3. Nc3 c6 4. Nf3 Nf6 5. Bg5 h6 6. Bxf6 Qxf6 7. e3 Nd7 
8. Bd3 dxc4 9. Bxc4 g6 10. Qc2 Bg7 11. Rd1 Qe7 12. O-O O-O 13. Be2 Rd8 
14. Ne4 e5 15. d5 cxd5 16. Rxd5 Nb6 17. Rxd8+ Qxd8 18. Rd1 Qf8 19. Ng3 Be6 
20. h4 Rc8 21. Qb1 Na4 22. h5 gxh5 23. a3 Qc5 24. Nxh5 Qc2 25. Qxc2 Rxc2 
26. Rd8+ Bf8 27. Bb5 Nxb2 28. Bd7 Bxd7 29. Rxd7 Nc4 30. Nf6+ Kg7 31. Ne8+ Kg8 
32. Nh4 Rb2 33. Nf6+ Kg7 34. Ne8+ Kg8 35. Nf6+ Kg7 36. Nh5+ Kg8 37. Nf5 Rb6 
38. a4 a5 39. Rc7 Nd2 40. f3 Bb4 41. e4 Nb3 42. Kh2 Nc5 43. Rc8+ Kh7 44. Ne3 Rc6 
45. Rb8 Na6 46. Re8 Re6 47. Ra8 Be7 48. Nd5 Nb4 49. Nxe7 Rxe7 50. Rxa5 Nc6 
51. Ra8 Nd4 52. Nf6+ Kg7 53. Nh5+ Kh7 54. Rb8 f5 55. exf5 Nxf5 56. Nf6+ Kg6 
57. Ne4 Nd4 58. Rg8+ Kf7 59. Rc8 Kg6 60. Rg8+ Kf7 61. Rb8 Kg6 62. Kg3 Ne2+ 
63. Kf2 Nf4 64. Rg8+ Kf7 65. Rb8 Kg6 66. g3 Ne6 67. Rg8+ Kf7 68. Rh8 Kg7 
69. Rb8 Kg6 70. Ke3 Nd4 71. Rg8+ Kf7 72. Rb8 Kg6 73. Rg8+ Kf7 74. Rd8 h5 
75. Rb8 h4 76. Ng5+ Kf6 77. gxh4 Nf5+ 78. Kd2 Nxh4 79. Ne4+ Kf7 80. Rd8 Nxf3+ 
81. Ke3 Nd4 1/2-1/2

[Event "Wednesday Apr 18 Engine Tour 9 rd Swiss 12m+1s Starts at 1600hrs ST"]
[Site "Infinity Chess"]
[Date "2018.4.18"]
[Round "2"]
[White "SkyPilot"]
[Black "KRAKEN"]
[Result "1/2-1/2"]
[ECO "C50"]
[WhiteElo "2479"]
[BlackElo "2536"]
[WhiteEngine "stockfish_x64_bmi2_2018_04_07_CTG"]
[BlackEngine "Raubfisch X38b_CTG"]
[EventType "Swiss"]
[WhiteTeam ""]
[BlackTeam ""]
[PlyCount "117"]
[TimeControl "720+1"]

1. e4 e5 2. Nf3 Nc6 3. Bc4 Bc5 4. O-O Nf6 5. d3 d6 6. c3 Bb6 7. Bg5 h6 8. Bh4 g5 
9. Bg3 Ne7 10. Nbd2 O-O 11. a4 a5 12. d4 exd4 13. Nxd4 Nc6 14. Nxc6 bxc6 
15. Kh1 d5 16. exd5 cxd5 17. Bb5 Bf5 18. b4 Bg4 19. Qc2 Bd7 20. Bd3 Re8 
21. b5 c6 22. Nf3 Ne4 23. Bxe4 Rxe4 24. Ne5 Bc7 25. bxc6 Bxe5 26. f3 Re3 
27. Bxe5 Rxe5 28. cxd7 Qxd7 29. f4 Qf5 30. Qd2 gxf4 31. Rxf4 Re2 32. Rxf5 Rxd2 
33. Kg1 Rb8 34. Raf1 Rbb2 35. R1f2 Rb1+ 36. Rf1 Rbb2 37. R1f2 Rxf2 38. Rxf2 Rb1+ 
39. Rf1 Rb3 40. Rf5 Ra3 41. Rxd5 Rxa4 42. Kf2 Ra2+ 43. Kf3 a4 44. Ra5 a3 
45. Ra8+ Kg7 46. Ra6 h5 47. c4 h4 48. h3 f5 49. c5 Kf7 50. g3 hxg3 51. Kxg3 Ra1 
52. c6 Ke7 53. h4 a2 54. c7 f4+ 55. Kxf4 Kd7 56. h5 Kxc7 57. Kg4 Rb1 
58. Rxa2 Kd7 59. Re2 1/2-1/2

[Event "Wednesday Apr 18 Engine Tour 9 rd Swiss 12m+1s Starts at 1600hrs ST"]
[Site "Infinity Chess"]
[Date "2018.4.18"]
[Round "1"]
[White "Thinker"]
[Black "ivrdurant"]
[Result "1/2-1/2"]
[ECO "C55"]
[WhiteElo "2455"]
[BlackElo "2357"]
[WhiteEngine "BrainFish_180411_x64_modern_CTG"]
[BlackEngine "Raubfisch X38b"]
[EventType "Swiss"]
[WhiteTeam ""]
[BlackTeam ""]
[PlyCount "84"]
[TimeControl "720+1"]

1. e4 e5 2. Nf3 Nc6 3. Bc4 Nf6 4. d3 Bc5 5. c3 d6 6. O-O a5 7. Re1 O-O 8. h3 h6 
9. Nbd2 Be6 10. b3 Bb6 11. a4 d5 12. Bb5 Ne7 13. exd5 Nfxd5 14. Qc2 c6 
15. Bc4 Ng6 16. d4 Ndf4 17. dxe5 Nh4 18. Bf1 Bd5 19. Re4 Nfg6 20. Bc4 Re8 
21. g3 Nxf3+ 22. Nxf3 Qd7 23. Bxd5 cxd5 24. Rg4 Qc6 25. Nd4 Bxd4 26. Rxd4 Nxe5 
27. Kg2 b5 28. axb5 Qxb5 29. Qd1 Qb7 30. Rxd5 a4 31. f3 axb3 32. Rxa8 Rxa8 
33. Rxe5 b2 34. Bxb2 Qxb2+ 35. Qe2 Qxc3 36. Re8+ Rxe8 37. Qxe8+ Kh7 
38. Qxf7 Qd2+ 39. Kf1 Qd1+ 40. Kg2 Qd2+ 41. Kf1 Qd1+ 42. Kg2 Qd2+ 1/2-1/2